 Dungeon Crawl Stone Soup version 0.19.5 (webtiles) character file.

70 Gargoyl the Skirmisher (level 4, -1/40 HPs)
             Began as a Ghoul Abyssal Knight on Mar 11, 2017.
             Was a Follower of Lugonu.
             Slain by a gnoll
             ... wielding a +0 spear
              (4 damage)
             ... on level 1 of the Dungeon.
             The game lasted 00:04:41 (1569 turns).

Gargoyl the Skirmisher (Ghoul Abyssal Knight)       Turns: 1569, Time: 00:04:41

Health: -1/40      AC: 14    Str: 15    XL:     4   Next: 21%
Magic:  4/4        EV:  4    Int:  7    God:    Lugonu [*.....]
Gold:   106        SH:  0    Dex:  9    Spells: 0 memorised, 3 levels left

rFire  . . .     SeeInvis +     a - +1 hand axe
rCold  + . .     Gourm    .     m - +0 plate armour
rNeg   + + +     Faith    .     (no shield)
rPois  ∞         Spirit   .     (no helmet)
rElec  .         Reflect  .     (no cloak)
rCorr  .         Harm     .     h - +2 pair of gloves
MR     .....                    (no boots)
Stlth  ..........               (no amulet)
                                r - ring of see invisible
                                q - ring of stealth

@: rotting
A: rotting body, claws 1, carnivore 3, cold resistance 1, negative energy
resistance 3, slow regeneration 1, torment resistance, unbreathing
a: Depart the Abyss, Renounce Religion


You were on level 1 of the Dungeon.
You worshipped Lugonu.
Lugonu was aware of your devotion.
You were not hungry.

You visited 1 branch of the dungeon, and saw 2 of its levels.
You visited the Abyss 1 time.

You collected 106 gold pieces.

Inventory:

Hand Weapons
 a - a +1 hand axe (weapon)
Armour
 h - a +2 pair of gloves (worn)
 m - a +0 plate armour (worn)
Jewellery
 q - a ring of stealth (left hand)
 r - a ring of see invisible (right hand)
Wands
 f - a wand of digging (14/24)
 g - a wand of digging (13/24)
Scrolls
 b - a scroll of blinking
 e - 2 scrolls of remove curse
 o - a scroll of identify
Potions
 d - a potion of ambrosia {unknown}
 j - a potion of haste {unknown}
 k - a potion of agility {unknown}
 n - 2 potions of resistance {unknown}
Books
 p - a book of Minor Magic

   Spells                             Type                      Level
   a - Magic Dart                     Conjuration                  1
   b - Blink                          Translocation                2
   c - Call Imp                       Summoning                    2
   d - Repel Missiles                 Charms/Air                   2
   e - Slow                           Hexes                        2
   f - Conjure Flame                  Conjuration/Fire             3
   g - Mephitic Cloud                 Conjuration/Poison/Air       3
Comestibles
 c - 3 meat rations
 s - a beef jerky


   Skills:
 + Level 4.0 Fighting
 + Level 2.8 Axes
 * Level 2.3 Armour
 + Level 0.8 Dodging
 * Level 2.4 Invocations


You had 3 spell levels left.
You didn't know any spells.

Dungeon Overview and Level Annotations

Branches:
Dungeon (2/15)

Altars:
Makhleb
Sif Muna


Innate Abilities, Weirdness & Mutations

Your body is rotting away.
You thrive on raw meat.
You are immune to poison.
You have sharp fingernails.
You are carnivorous and can eat meat at any time.
Your flesh is cold resistant. (rC+)
You are immune to negative energy. (rN+++)
You regenerate slowly when monsters are visible.
You are immune to unholy pain and torment.
You can survive without breathing.


Message History

* * * LOW HITPOINT WARNING * * *
You climb upwards.
There is a stone staircase leading down here.
The frilled lizard bites you but does no damage.
You climb downwards.
The gnoll hits you with a spear.
* * * LOW HITPOINT WARNING * * *
There is a stone staircase leading up here.
You closely miss the frilled lizard.
Your plate armour prevents you from hitting the gnoll.
The gnoll hits you but does no damage.
The frilled lizard bites you but does no damage.
You miss the frilled lizard. You hit the gnoll. The gnoll barely misses you.
The frilled lizard bites you but does no damage.
The gnoll hits you with a spear.
* * * LOW HITPOINT WARNING * * *
The frilled lizard closely misses you.
You climb upwards.
There is a stone staircase leading down here.
The gnoll hits you from afar with a spear.
You die...

.......# #............#
.......####............#
.......................#
...)...................#
.......................#
####........############
............############
................l......#
................@>g....#
.......................#
......###..............#
......# ################
......# ......# #######


You could see a gnoll and a frilled lizard.

Vanquished Creatures
  2 gnolls (D:2)
  An ooze (D:2)
  2 worms (D:2)
  3 leopard geckos (D:1)
  A giant cockroach (D:1)
  6 goblins
  5 hobgoblins
  5 kobolds
  3 bats
  6 frilled lizards
  3 rats
37 creatures vanquished.

Notes
Turn   | Place    | Note
-------+----------+-------------------------------------------
     0 | Abyss:1  | Gargoyl the Ghoul Abyssal Knight began the quest for the Orb.
     0 | Abyss:1  | Reached XP level 1. HP: 19/19 MP: 1/1
    88 | Abyss:2  | Found a corrupted altar of Lugonu.
   121 | Abyss:2  | Noticed a tentacled starspawn
   178 | Abyss:2  | Noticed a large abomination
   198 | Abyss:2  | Noticed an ice devil
   200 | Abyss:2  | Noticed an iron imp
   216 | Abyss:3  | Noticed a rakshasa
   283 | Abyss:4  | Noticed a blink frog
   283 | Abyss:4  | Noticed a thrashing horror
   283 | Abyss:4  | Noticed a thrashing horror
   284 | Abyss:4  | Noticed a blink frog
   284 | D:1      | Escaped the Abyss
   379 | D:1      | Reached XP level 2. HP: 16/26 MP: 2/2
   441 | D:1      | Reached * piety under Lugonu
  1104 | D:2      | Reached XP level 3. HP: 33/33 MP: 3/3
  1222 | D:2      | Found a burning altar of Makhleb.
  1274 | D:2      | Found a deep blue altar of Sif Muna.
  1534 | D:2      | Reached skill level 4 in Fighting
  1534 | D:2      | Reached XP level 4. HP: 32/39 MP: 4/4
  1567 | D:2      | HP: 2/40 [gnoll/spear (6)]
  1569 | D:1      | Slain by a gnoll

Skill      XL: |  1  2  3 |
---------------+----------+-----
Axes           | 2 |  2.8
Armour         | 2 |  2.3
Fighting       | 4 |  4.0
Dodging        | |  0.8
Invocations    | |  2.4

Action                   |  1- 3 |  4- 6 || total
-------------------------+-------+-------++-------
Melee: Hand axe          |   116 |    13 ||   129
Invok: Depart the Abyss  |     1 |       ||     1
  Use: Scroll            |     9 |       ||     9
  Eat: Chunk             |    20 |     2 ||    22
Armor: Leather armour    |     8 |       ||     8
       Plate armour      |    50 |    17 ||    67
Dodge: Dodged            |    38 |     7 ||    45
